[Event "II. Magyar E-mail Döntõ"]
[Site "E4EC"]
[Date "2005.01.07"]
[Round "1"]
[White "Szabó, Zoltán"]
[Black "Vecsei, Vilmos"]
[Board "7152"]
[TimeControl "10/50"]
[WhiteElo "1834"]
[BlackElo "1913"]
[WhiteCountry "HUN"]
[BlackCountry "HUN"]
[Result "0-1"]

1.Nf3 Nf6 2.g3 d5 3.Bg2 c6 4.O-O Bg4 5.d4 Nbd7 6.Nbd2 e6 7.Re1 Be7
8.h3 Bh5 9.e4 O-O 10.c3 b5 11.g4 Bg6 12.Nh4 Bxe4 13.g5 Bxg2
14.gxf6 Bxh3 15.fxe7 Qxe7 16.Qh5 Rae8 17.Nb3 e5 18.Nf3 Qe6 19.Nxe5 Bg4
20.Qh4 f6 21.Nd3 Qf5 22.Bd2 g5 23.Qg3 h5 24.Nb4 h4 25.Qd3 Qxd3
26.Nxd3 Nb6 27.Nb4 Rc8 28.Na5 Nc4 29.Nxc4 bxc4 30.b3 a5 31.Na6 Kg7
32.Nc5 Rb8 33.Re7+ Rf7 34.Rae1 a4 35.b4 Bf5 36.a3 Kf8 37.R7e3 Ra8
38.Kg2 Rb8 39.Nxa4 Ra8 40.Nc5 Rxa3 41.Ne6+ Kg8 42.Nd8 Rc7 43.Rf3 Be4
44.Rxe4 dxe4 45.Rxf6 g4 46.Nxc6 Rg7 47.d5 Ra2 48.Bh6 g3 49.Bxg7 Kxg7
50.Rf4 e3 0-1

[Event "II. Magyar E-mail Döntõ"]
[Site "E4EC"]
[Date "2005.01.07"]
[Round "1"]
[White "Szabó, Zoltán"]
[Black "Magó, Zsolt"]
[Board "7153"]
[TimeControl "10/50"]
[WhiteElo "1834"]
[BlackElo "1848"]
[WhiteCountry "HUN"]
[BlackCountry "HUN"]
[Result "1/2-1/2"]

1.Nf3 Nf6 2.g3 g6 3.c4 Bg7 4.Bg2 O-O 5.d4 d5 6.cxd5 Nxd5 7.O-O Nb6
8.Nc3 Nc6 9.d5 Na5 10.e4 c6 11.Re1 Re8 12.Bg5 h6 13.Bf4 Nac4 14.Qb3 e5
15.Bc1 cxd5 16.exd5 Nd6 17.Be3 Nbc4 18.Bc5 Bd7 19.Bf1 b6 20.Bb4 a5
21.Bxc4 a4 22.Qd1 Nxc4 23.b3 axb3 24.axb3 Na5 25.Nd2 f5 26.Rc1 Rc8
27.Qe2 e4 28.Bxa5 bxa5 29.Nc4 Rb8 30.Qa2 Qe7 31.d6 Qf7 32.Nxa5 Rb4
33.Red1 f4 34.Nd5 fxg3 35.hxg3 Rb5 36.b4 Be6 37.Rc7 Qf3 38.Rxg7+ Kxg7
39.Qa1+ Kf7 40.Nc4 Rxd5 41.Rxd5 Bxd5 42.d7 Ra8 43.Qd4 Qh5 44.Nd6+ Ke7 1/2-1/2

[Event "II. Magyar E-mail Döntõ"]
[Site "E4EC"]
[Date "2005.01.07"]
[Round "1"]
[White "Szabó, Zoltán"]
[Black "Tóth, József"]
[Board "7154"]
[TimeControl "10/50"]
[WhiteElo "1834"]
[BlackElo "2133"]
[WhiteCountry "HUN"]
[BlackCountry "HUN"]
[Result "0-1"]

1.Nf3 d5 2.d4 Nf6 3.c4 e6 4.Nc3 Bb4 5.cxd5 exd5 6.Bg5 h6 7.Bh4 g5
8.Bg3 Ne4 9.Nd2 Nxg3 10.hxg3 c6 11.e3 Bf5 12.a3 Be7 13.Nb3 Nd7
14.Bd3 Be6 15.Qc2 Qc7 16.Na4 O-O-O 17.Nbc5 Kb8 18.b4 h5 19.Rb1 Nxc5
20.Nxc5 h4 21.gxh4 gxh4 22.b5 Rc8 23.Nxe6 fxe6 24.bxc6 Qxc6
25.Qxc6 Rxc6 26.a4 Rg8 27.O-O Rc3 28.Rfd1 Bd6 29.Kf1 Rc7 30.Be2 Rcg7
31.Bf3 Rc8 32.Ke2 Rc4 33.a5 Bb4 34.a6 b6 35.Rdc1 Rxc1 36.Rxc1 Rc7
37.Rb1 Rc2+ 38.Kf1 Be7 39.Bg4 Rc6 0-1

[Event "II. Magyar E-mail Döntõ"]
[Site "E4EC"]
[Date "2005.01.07"]
[Round "1"]
[White "Szabó, Zoltán"]
[Black "Csólig, Róbert"]
[Board "7156"]
[TimeControl "10/50"]
[WhiteElo "1834"]
[BlackElo "2150"]
[WhiteCountry "HUN"]
[BlackCountry "HUN"]
[Result "0-1"]

1.Nf3 d5 2.d4 c6 3.Bf4 Qb6 4.Qc1 Bg4 5.Ne5 Bf5 6.e3 f6 7.Nf3 g5
8.Bg3 Nd7 9.c4 h5 10.h3 h4 11.Bh2 e6 12.Nc3 Nh6 13.Be2 Nf7 14.Qd2 Qb4
15.cxd5 exd5 16.a3 Qe7 17.b4 a6 18.Na4 Bg7 19.Nc5 Nxc5 20.bxc5 Be4
21.Qb2 f5 22.Bd6 Nxd6 23.cxd6 Qxd6 0-1

[Event "II. Magyar E-mail Döntõ"]
[Site "E4EC"]
[Date "2005.01.07"]
[Round "1"]
[White "Szabó, Zoltán"]
[Black "Biró, István"]
[Board "7157"]
[TimeControl "10/50"]
[WhiteElo "1834"]
[BlackElo "1896"]
[WhiteCountry "HUN"]
[BlackCountry "HUN"]
[Result "0-1"]

1.Nf3 Nf6 2.d4 e6 3.c4 b6 4.e3 d5 5.Ne5 a6 6.Nc3 Bb7 7.cxd5 Nxd5
8.Qh5 Qe7 9.e4 Nf6 10.Qe2 Nbd7 11.Bg5 Nxe5 12.dxe5 Qc5 13.f4 Nd7
14.Rd1 Be7 15.Bxe7 Qxe7 16.Qg4 Qb4 17.Qxg7 O-O-O 18.Be2 Qxb2
19.Qg3 Nc5 20.O-O Nxe4 21.Nxe4 Qxe2 22.Nc3 Qc2 23.Rc1 Qf5 24.Qe1 Rhg8
25.Rf2 Rg4 26.Ne2 Qd3 27.Ng3 Qd5 28.Qe2 Rh4 0-1

[Event "II. Magyar E-mail Döntõ"]
[Site "E4EC"]
[Date "2004.12.28"]
[Round "1"]
[White "Tímár, Zsolt"]
[Black "Kresz, László"]
[Board "7162"]
[TimeControl "10/50"]
[WhiteElo "2461"]
[BlackElo "1800"]
[WhiteCountry "HUN"]
[BlackCountry "HUN"]
[Result "0-1"]

1.e4 e5 2.Nf3 Nc6 3.Bb5 a6 4.Ba4 Nf6 5.O-O Be7 6.Re1 b5 7.Bb3 O-O
8.c3 d6 9.h3 Na5 10.Bc2 c5 0-1

[Event "II. Magyar E-mail Döntõ"]
[Site "E4EC"]
[Date "2004.12.25"]
[Round "1"]
[White "Tímár, Zsolt"]
[Black "Szabó, Zsolt"]
[Board "7163"]
[TimeControl "10/50"]
[WhiteElo "2461"]
[BlackElo "2314"]
[WhiteCountry "HUN"]
[BlackCountry "HUN"]
[Result "0-1"]

1.e4 e5 2.Nf3 Nc6 3.Bb5 a6 4.Ba4 Nf6 5.O-O Be7 6.Re1 b5 7.Bb3 d6
8.c3 O-O 9.h3 Bb7 10.d4 Re8 0-1

[Event "II. Magyar E-mail Döntõ"]
[Site "E4EC"]
[Date "2005.01.02"]
[Round "1"]
[White "Tímár, Zsolt"]
[Black "Kovács, Arthur"]
[Board "7164"]
[TimeControl "10/50"]
[WhiteElo "2461"]
[BlackElo "2278"]
[WhiteCountry "HUN"]
[BlackCountry "HUN"]
[Result "0-1"]

1.e4 e5 2.Nf3 Nc6 3.Bb5 a6 4.Ba4 Nf6 5.O-O Be7 6.Re1 b5 7.Bb3 d6
8.c3 O-O 9.h3 Re8 10.d4 Bb7 0-1

[Event "II. Magyar E-mail Döntõ"]
[Site "E4EC"]
[Date "2005.01.07"]
[Round "1"]
[White "Kresz, László"]
[Black "Jánosi, Ervin"]
[Board "7165"]
[TimeControl "10/50"]
[WhiteElo "1800"]
[BlackElo "2385"]
[WhiteCountry "HUN"]
[BlackCountry "HUN"]
[Result "1-0"]

1.Nf3 Nf6 2.c4 e6 3.d4 b6 4.g3 Ba6 5.b3 Bb4+ 6.Bd2 Be7 7.Bg2 c6
8.Bc3 d5 9.Nbd2 Nbd7 10.O-O O-O 11.Re1 c5 12.e4 dxe4 13.Nxe4 Bb7
14.Nfg5 Nxe4 15.Nxe4 cxd4 16.Qxd4 e5 17.Qe3 Qc7 18.Bb2 f5 19.Nc3 Bxg2
20.Kxg2 Qc6+ 21.f3 e4 22.Nd5 Rae8 23.Rad1 Nc5 24.fxe4 Nxe4 25.Rf1 Bd6
26.Rde1 Bc5 27.Qd3 Qg6 28.Bc1 Bd6 29.Rd1 Rf7 30.Bf4 Nc5 31.Qf3 Bxf4
32.Qxf4 Re4 33.Qf3 Re8 34.Rde1 Ne4 35.Qd1 Rff8 36.Rf4 Re5 37.Re3 Rf7
38.Qd4 Qd6 39.Rf1 Re8 40.Rd1 Qa3 41.Nc3 Ref8 42.Nxe4 fxe4 43.Re2 Re7
44.Qd5+ Kh8 45.Rf1 Rg8 46.Rf4 e3 47.Qf3 h6 48.g4 Qc1 49.Re4 Rxe4
50.Qxe4 1-0

[Event "II. Magyar E-mail Döntõ"]
[Site "E4EC"]
[Date "2004.12.28"]
[Round "1"]
[White "Kresz, László"]
[Black "Vecsei, Vilmos"]
[Board "7166"]
[TimeControl "10/50"]
[WhiteElo "1800"]
[BlackElo "1913"]
[WhiteCountry "HUN"]
[BlackCountry "HUN"]
[Result "1-0"]

1.c4 Nf6 2.g3 e6 3.Bg2 d5 4.Nf3 Be7 5.d4 O-O 6.O-O dxc4 7.Qc2 a6
8.Qxc4 b5 9.Qc2 Bb7 10.Bd2 Nc6 11.e3 Nb4 12.Bxb4 Bxb4 13.a3 Bd6
14.Nbd2 Qe7 15.Rac1 Rfc8 16.e4 e5 17.Nh4 Qe6 18.f4 exf4 19.e5 Bxg2
20.Nxg2 fxg3 21.exf6 gxh2+ 22.Kh1 c5 23.d5 Qxd5 24.Rf5 Qd4 25.fxg7 c4
26.Rh5 Qxg7 27.Ne4 Be7 28.Ne3 Kf8 29.Qxh2 Qg6 30.Nf5 1-0

[Event "II. Magyar E-mail Döntõ"]
[Site "E4EC"]
[Date "2004.12.28"]
[Round "1"]
[White "Kresz, László"]
[Black "Magó, Zsolt"]
[Board "7167"]
[TimeControl "10/50"]
[WhiteElo "1800"]
[BlackElo "1848"]
[WhiteCountry "HUN"]
[BlackCountry "HUN"]
[Result "0-1"]

1.e4 c5 2.Nf3 d6 3.d4 cxd4 4.Nxd4 Nf6 5.Nc3 g6 6.Be3 Bg7 7.f3 O-O
8.Qd2 Nc6 9.Bc4 Bd7 10.O-O-O Rc8 11.Bb3 Ne5 12.h4 h5 13.Bg5 Rc5
14.Kb1 Re8 15.Rhe1 Qc8 16.Bh6 Bh8 17.Qe2 Nc4 18.Bxc4 Rxc4 19.Be3 a6
20.Nb3 b5 21.Qd3 b4 22.Ne2 d5 23.Nd2 Rc7 24.Bb6 dxe4 25.fxe4 Bb5
26.Qb3 Rb7 27.Ba5 Bd7 28.Nf4 Rb5 29.Nc4 Bg4 30.e5 Bxd1 31.e6 fxe6
32.Nxe6 Bg4 33.Nc7 Kh7 34.Nxb5 axb5 35.Ne5 Bg7 36.Nxg4 Qxg4
37.Qxb4 Qxb4 38.Bxb4 e5 39.c3 e4 40.Kc2 Nd5 41.Bd6 Bh6 42.g3 Ne3+
43.Kb3 Nf5 44.Bc7 e3 45.Kc2 e2 46.Kd3 Re3+ 47.Kc2 Re7 48.Bb6 Nxg3
49.a4 bxa4 50.Bf2 Bf4 51.Ra1 Ne4 52.Be1 Nc5 53.Bf2 Rd7 54.Bd4 Nb3
55.Re1 Re7 56.Bf2 Bd2 57.Rb1 e1=Q 58.Bxe1 Rxe1 59.Rd1 g5 60.hxg5 h4
61.Rxd2 Nxd2 62.g6+ Kxg6 63.Kxd2 Re8 64.Kd3 h3 65.Kc4 h2 66.Kc5 h1=Q
67.b4 axb3 68.c4 b2 69.Kd6 Qd1+ 70.Kc6 b1=Q 0-1

[Event "II. Magyar E-mail Döntõ"]
[Site "E4EC"]
[Date "2004.12.30"]
[Round "1"]
[White "Kresz, László"]
[Black "Tóth, József"]
[Board "7168"]
[TimeControl "10/50"]
[WhiteElo "1800"]
[BlackElo "2133"]
[WhiteCountry "HUN"]
[BlackCountry "HUN"]
[Result "1/2-1/2"]

1.e4 e5 2.Nf3 Nc6 3.Bb5 a6 4.Ba4 Nf6 5.O-O Be7 6.Re1 b5 7.Bb3 d6
8.c3 O-O 9.h3 Nd7 10.d4 Nb6 11.Nbd2 exd4 12.cxd4 Nb4 13.Nf1 c5
14.a3 Nc6 15.Be3 c4 16.Bc2 d5 17.Ne5 Qc7 18.Ng3 g6 19.Qf3 Nxe5
20.dxe5 f6 21.e6 d4 22.Bxd4 Bxe6 23.Rad1 Rae8 24.Ne2 Bd6 25.Qe3 Nd7
26.b4 cxb3 27.Bxb3 Bxb3 28.Qxb3+ Rf7 29.Nc3 Qc4 30.Qxc4 bxc4 31.a4 Ne5
32.Nd5 Kg7 33.Re2 Nd3 34.f3 Be5 35.Bxe5 Rxe5 36.Ne3 Rc7 37.Nxc4 Rxc4
38.Rxd3 f5 39.Rd7+ Kf6 40.Rxh7 Rxa4 41.Ra7 fxe4 42.fxe4 Kg5
43.Kf2 Rexe4 44.Rxe4 Rxe4 45.Rxa6 Rb4 46.Ra8 Rb2+ 47.Kg3 Rb3+
48.Kf2 Rb2+ 49.Kg3 Rb3+ 50.Kh2 Rb2 51.Re8 Kh4 52.Re4+ Kh5 53.Kg3 Rb3+
54.Kf2 g5 55.g3 Kg6 56.Re3 Rb6 57.Re8 Kh5 58.Kf3 Rf6+ 59.Kg2 Rc6
60.g4+ Kg6 61.Re3 Rc1 62.Kf3 Rh1 63.Kg2 Rd1 64.Ra3 Kf6 65.Ra6+ Ke5
66.Ra5+ Kf6 67.Rf5+ Kg6 68.Kf2 Rd3 69.Rf3 Rxf3+ 70.Kxf3 Kf6 71.Kg3 Kg6
72.h4 gxh4+ 73.Kxh4 Kh6 74.g5+ Kg6 75.Kg3 1/2-1/2

[Event "II. Magyar E-mail Döntõ"]
[Site "E4EC"]
[Date "2005.01.07"]
[Round "1"]
[White "Kresz, László"]
[Black "Szabó, Zoltán"]
[Board "7169"]
[TimeControl "10/50"]
[WhiteElo "1800"]
[BlackElo "1834"]
[WhiteCountry "HUN"]
[BlackCountry "HUN"]
[Result "1-0"]

1.e4 c5 2.Nf3 e6 3.d4 cxd4 4.Nxd4 Nf6 5.Nc3 Bb4 6.e5 Nd5 7.Bd2 Nxc3
8.bxc3 Bc5 9.Qg4 Kf8 10.Bd3 h5 11.Qf3 d6 12.exd6 Qxd6 13.O-O Nd7
14.Rfe1 Ne5 15.Qe4 Nxd3 16.cxd3 Qd5 17.Qxd5 exd5 18.Nb5 Bf5 19.d4 Be7
20.Bf4 Bd8 21.Nd6 Bc7 22.a4 Bd7 23.Nxf7 Kxf7 24.Bxc7 Rac8 25.Be5 Rxc3
26.Bxg7 Rhc8 27.Be5 a5 28.Bd6 R8c4 29.h3 Bc6 30.Bc5 1-0

[Event "II. Magyar E-mail Döntõ"]
[Site "E4EC"]
[Date "2005.01.01"]
[Round "1"]
[White "Kresz, László"]
[Black "Csólig, Róbert"]
[Board "7170"]
[TimeControl "10/50"]
[WhiteElo "1800"]
[BlackElo "2150"]
[WhiteCountry "HUN"]
[BlackCountry "HUN"]
[Result "1-0"]

1.d4 d5 2.c4 c6 3.Nf3 Nf6 4.Nc3 dxc4 5.a4 Bg4 6.Ne5 Bh5 7.f3 Nfd7
8.Nxc4 e5 9.Ne4 Bb4+ 10.Bd2 Qe7 11.Bxb4 Qxb4+ 12.Qd2 Qxd2+
13.Kxd2 exd4 14.Ned6+ Ke7 15.Nxb7 Na6 16.e3 Rhb8 17.Nca5 dxe3+
18.Kc3 Rxb7 19.Nxb7 Nc7 20.Bc4 f5 21.g4 fxg4 22.fxg4 Bf7 23.b3 Nf6
24.Rae1 Ncd5+ 25.Kb2 Kd7 26.Rhf1 Bg6 27.g5 Ng4 28.Bxd5 cxd5 29.h3 Rb8
30.hxg4 Rxb7 31.Rxe3 Kd6 32.Rf8 Be4 33.Rc3 Ke5 34.Rfc8 1-0

[Event "II. Magyar E-mail Döntõ"]
[Site "E4EC"]
[Date "2004.12.28"]
[Round "1"]
[White "Kresz, László"]
[Black "Biró, István"]
[Board "7171"]
[TimeControl "10/50"]
[WhiteElo "1800"]
[BlackElo "1896"]
[WhiteCountry "HUN"]
[BlackCountry "HUN"]
[Result "1/2-1/2"]

1.e4 e5 2.Nf3 Nc6 3.Bb5 a6 4.Ba4 Nf6 5.O-O Be7 6.Re1 b5 7.Bb3 O-O
8.c3 d5 9.exd5 Nxd5 10.Nxe5 Nxe5 11.Rxe5 c6 12.d4 Bd6 13.Re1 Qh4
14.g3 Qh3 15.Re4 g5 16.Qf1 Qh5 17.f3 Bf5 18.Nd2 Nf6 19.Re3 Rae8
20.Rxe8 Rxe8 21.a4 Qg6 22.axb5 Bd3 23.Qd1 Be2 24.Qe1 Bd3 25.Qd1 Be2
26.Qe1 Bd3 27.Qd1 1/2-1/2

[Event "II. Magyar E-mail Döntõ"]
[Site "E4EC"]
[Date "2005.01.01"]
[Round "1"]
[White "Csólig, Róbert"]
[Black "Darvasi, Ferenc"]
[Board "7172"]
[TimeControl "10/50"]
[WhiteElo "2150"]
[BlackElo "2315"]
[WhiteCountry "HUN"]
[BlackCountry "HUN"]
[Result "1/2-1/2"]

1.e4 c5 2.Nf3 d6 3.d4 cxd4 4.Nxd4 Nf6 5.Nc3 a6 6.Bg5 e6 7.f4 Qc7
8.Qf3 b5 9.Bxf6 gxf6 10.e5 d5 11.exf6 Nd7 12.O-O-O Nxf6 13.f5 Be7
14.g4 b4 15.g5 bxc3 16.gxf6 Bxf6 17.fxe6 Bxd4 18.Qxf7+ Qxf7
19.exf7+ Kxf7 20.Rxd4 cxb2+ 21.Kxb2 Be6 22.Bd3 h6 23.Rf4+ Ke7
24.Kc3 a5 25.Kd4 Raf8 26.Rh4 h5 27.Rb1 Rf3 28.Rb5 a4 29.Kc5 Rf2
30.Rbb4 1/2-1/2

[Event "II. Magyar E-mail Döntõ"]
[Site "E4EC"]
[Date "2005.01.01"]
[Round "1"]
[White "Csólig, Róbert"]
[Black "Száva, Miklós"]
[Board "7173"]
[TimeControl "10/50"]
[WhiteElo "2150"]
[BlackElo "2021"]
[WhiteCountry "HUN"]
[BlackCountry "HUN"]
[Result "1/2-1/2"]

1.e4 e5 2.Nf3 Nc6 3.Bc4 Nf6 4.Ng5 d5 5.exd5 Na5 6.Bb5+ c6 7.dxc6 bxc6
8.Be2 h6 9.Nf3 e4 10.Ne5 Bd6 11.d4 exd3 12.Nxd3 O-O 13.O-O Qc7
14.h3 c5 15.Na3 Ba6 16.b3 Nc6 17.c4 Rad8 18.Nb5 Bxb5 19.cxb5 Nd4
20.Bb2 Ne4 21.Rc1 Nxb5 22.Bf3 Ng5 23.Rc4 Qb6 24.Re1 Bc7 25.h4 Nxf3+
26.Qxf3 Qd6 27.Rxc5 Qh2+ 28.Kf1 Nd4 29.Bxd4 Rxd4 30.Re4 Rxe4
31.Qxe4 Bb6 32.Re5 Qh1+ 33.Ke2 Qb1 34.Kf3 Qxa2 35.b4 Qb1 36.g3 1/2-1/2

[Event "II. Magyar E-mail Döntõ"]
[Site "E4EC"]
[Date "2005.01.01"]
[Round "1"]
[White "Csólig, Róbert"]
[Black "Oltean, Gusztav"]
[Board "7174"]
[TimeControl "10/50"]
[WhiteElo "2150"]
[BlackElo "2069"]
[WhiteCountry "HUN"]
[BlackCountry "HUN"]
[Result "1-0"]

1.e4 c6 2.d4 d5 3.Nd2 dxe4 4.Nxe4 Nd7 5.Bc4 Ngf6 6.Ng5 e6 7.Qe2 Nb6
8.Bd3 h6 9.N5f3 c5 10.dxc5 Bxc5 11.Ne5 Nbd7 12.Ngf3 Qc7 13.O-O O-O
14.Bf4 Bd6 15.Rfe1 Nxe5 16.Nxe5 b6 17.Bg3 Bb7 18.Ng4 Nd7 19.Nxh6+ gxh6
20.Qg4+ Kh8 21.Qh5 Bf4 22.Qh4 Bg5 23.Qxg5 hxg5 24.Bxc7 Rfc8 25.Bd6 Nc5
26.Be5+ Kg8 27.Be2 1-0

[Event "II. Magyar E-mail Döntõ"]
[Site "E4EC"]
[Date "2005.01.01"]
[Round "1"]
[White "Csólig, Róbert"]
[Black "Lakatos, András"]
[Board "7175"]
[TimeControl "10/50"]
[WhiteElo "2150"]
[BlackElo "2222"]
[WhiteCountry "HUN"]
[BlackCountry "HUN"]
[Result "1/2-1/2"]

1.e4 e6 2.d4 d5 3.Nc3 dxe4 4.Nxe4 Bd7 5.Nf3 Bc6 6.Bd3 Nd7 7.O-O Ngf6
8.Ng3 Be7 9.b3 O-O 10.Bb2 Bxf3 11.Qxf3 c6 12.c4 Re8 13.Rfe1 a5
14.a3 Qb6 15.Rad1 Rad8 16.h4 c5 17.dxc5 Nxc5 18.Bc2 Rxd1 19.Rxd1 Rd8
20.Rxd8+ Bxd8 21.Qf4 Ncd7 22.Bd4 Qc7 23.Qxc7 Bxc7 24.Ne4 Nxe4
25.Bxe4 Bd6 26.Bb2 b6 27.Kf1 Nc5 28.Bc2 h5 29.Ke2 f5 30.Ke3 g6 31.b4 1/2-1/2

[Event "II. Magyar E-mail Döntõ"]
[Site "E4EC"]
[Date "2005.01.01"]
[Round "1"]
[White "Csólig, Róbert"]
[Black "Szabó, Zsolt"]
[Board "7177"]
[TimeControl "10/50"]
[WhiteElo "2150"]
[BlackElo "2314"]
[WhiteCountry "HUN"]
[BlackCountry "HUN"]
[Result "1/2-1/2"]

1.e4 e5 2.Nf3 Nc6 3.Bb5 a6 4.Bxc6 dxc6 5.O-O Qd6 6.d3 Ne7 7.Nbd2 Ng6
8.Nc4 Qf6 9.Bg5 Qe6 10.Bd2 Bc5 11.Be3 Be7 12.Ng5 Qf6 13.Qh5 b5
14.Na5 Nf4 15.Bxf4 Qxf4 16.Nh3 Qf6 17.f4 Bxh3 18.fxe5 Bc5+
19.Kh1 Bxg2+ 20.Kxg2 Qe6 21.Nb3 Bb6 22.c3 O-O 23.Nd2 Be3 24.Nb3 Bb6
25.Nd2 Rae8 26.Nf3 Be3 27.Rae1 Bb6 28.Ng5 Qg6 29.Qxg6 hxg6 30.Nf3 f6
31.exf6 gxf6 32.e5 Rd8 33.Nh4 fxe5 34.Rxf8+ Rxf8 35.Re2 Kf7 36.Nf3 Ke7
37.Nxe5 Kd6 38.Nf3 Rf6 39.Kg3 c5 40.Kg4 c6 41.Ng5 Kd7 42.Ne4 Rf5
43.b3 Bc7 44.h3 Bd6 45.Nxd6 Kxd6 46.h4 Kd7 47.Rd2 a5 48.Re2 Rd5
49.Re3 b4 1/2-1/2

[Event "II. Magyar E-mail Döntõ"]
[Site "E4EC"]
[Date "2005.01.02"]
[Round "1"]
[White "Csólig, Róbert"]
[Black "Kovács, Arthur"]
[Board "7178"]
[TimeControl "10/50"]
[WhiteElo "2150"]
[BlackElo "2278"]
[WhiteCountry "HUN"]
[BlackCountry "HUN"]
[Result "0-1"]

1.e4 e5 2.Nf3 Nc6 3.Bb5 a6 4.Ba4 Nf6 5.O-O Nxe4 6.d4 b5 7.Bb3 d5
8.dxe5 Be6 9.c3 Bc5 10.Nbd2 O-O 11.Bc2 Nxf2 12.Rxf2 f6 13.exf6 Bxf2+
14.Kxf2 Qxf6 15.Nf1 Ne5 16.Be3 Rae8 17.Bc5 Nxf3 18.gxf3 Rf7 19.Kg2 d4
20.Bxd4 Qg5+ 21.Ng3 c5 22.Bf2 Rxf3 23.Be4 Bh3+ 24.Kxh3 Rxf2
25.Qd5+ Qxd5 26.Bxd5+ Kh8 27.b4 Rd8 28.Bb7 cxb4 29.cxb4 Rdd2
30.a3 Rxh2+ 31.Kg4 Rd7 32.Bxa6 h5+ 33.Kf4 Rf7+ 34.Ke5 h4 35.Ne4 Re2
36.Kd5 Rf5+ 37.Kd4 Rf4 38.Bb7 h3 39.Kd3 Rg2 0-1

[Event "II. Magyar E-mail Döntõ"]
[Site "E4EC"]
[Date "2005.01.07"]
[Round "1"]
[White "Szabó, Zsolt"]
[Black "Jánosi, Ervin"]
[Board "7179"]
[TimeControl "10/50"]
[WhiteElo "2314"]
[BlackElo "2385"]
[WhiteCountry "HUN"]
[BlackCountry "HUN"]
[Result "1-0"]

1.d4 Nf6 2.c4 e6 3.Nf3 b6 4.a3 Bb7 5.Nc3 c6 6.e4 d6 7.Bd3 Nbd7
8.O-O Be7 9.Qe2 Nf8 10.e5 dxe5 11.dxe5 N6d7 12.Rd1 Qc7 13.Bf4 Ng6
14.Bxg6 hxg6 15.Ne4 O-O 16.Bg5 f6 17.exf6 gxf6 18.Bf4 e5 19.Bh6 Rf7
20.Nh4 Nf8 21.Bxf8 1-0

[Event "II. Magyar E-mail Döntõ"]
[Site "E4EC"]
[Date "2004.12.27"]
[Round "1"]
[White "Szabó, Zsolt"]
[Black "Vecsei, Vilmos"]
[Board "7180"]
[TimeControl "10/50"]
[WhiteElo "2314"]
[BlackElo "1913"]
[WhiteCountry "HUN"]
[BlackCountry "HUN"]
[Result "1-0"]

1.e4 c5 2.c3 d5 3.exd5 Qxd5 4.d4 e6 5.Nf3 Nf6 6.Na3 Qd8 7.Bf4 Nc6
8.dxc5 Nd5 9.Bg3 Bxc5 10.Nc4 O-O 11.a4 f6 12.Bd3 e5 13.O-O Be6
14.Rc1 Rf7 15.b4 Bf8 16.b5 Na5 17.Nxa5 Qxa5 18.Bxe5 Ba3 19.Ra1 Bb2
20.Nd4 Bxa1 21.Nxe6 Bxc3 22.Qh5 f5 23.Bc4 Bxe5 24.Bxd5 g6 25.Qe2 Bf6
26.Nc5 Qc7 27.Nxb7 Kg7 28.Bxf7 Qxf7 29.Na5 Re8 30.Qc2 Re4 31.h3 Qe6
32.Nc6 a6 33.Rd1 h5 34.Rc1 axb5 35.axb5 Re1+ 36.Rxe1 Qxe1+ 37.Kh2 f4
38.Qc5 Bh4 39.Qe5+ Qxe5 40.Nxe5 Bxf2 41.Nd7 1-0

[Event "II. Magyar E-mail Döntõ"]
[Site "E4EC"]
[Date "2004.12.28"]
[Round "1"]
[White "Szabó, Zsolt"]
[Black "Magó, Zsolt"]
[Board "7181"]
[TimeControl "10/50"]
[WhiteElo "2314"]
[BlackElo "1848"]
[WhiteCountry "HUN"]
[BlackCountry "HUN"]
[Result "1/2-1/2"]

1.e4 c5 2.c3 d5 3.exd5 Qxd5 4.d4 Nf6 5.Nf3 Nc6 6.Be2 Bf5 7.c4 Qd6
8.d5 Nb4 9.Na3 a6 10.Nh4 Bd7 11.O-O e6 12.Bf3 h6 13.Nc2 g5
14.Nxb4 cxb4 15.dxe6 Bxe6 16.Bxb7 Rb8 17.Qxd6 Bxd6 18.Bc6+ Ke7
19.Nf3 Rhc8 20.Ba4 Rxc4 21.Bb3 Rcc8 22.h4 gxh4 23.Nd4 Be5 24.Nxe6 fxe6
25.Re1 Nd7 26.Re2 Kf6 27.Bxh6 Nc5 28.Rae1 Nd3 29.Rd1 Rd8 30.Kf1 Rbc8
31.Re4 a5 32.f4 Bxf4 33.Rxf4+ Nxf4 34.Rxd8 Rxd8 35.Bxf4 e5 36.Be3 Kf5
37.Ke2 Rd6 38.Bd2 Rd4 39.Ba4 Kg4 40.Be3 1/2-1/2

[Event "II. Magyar E-mail Döntõ"]
[Site "E4EC"]
[Date "2004.12.30"]
[Round "1"]
[White "Szabó, Zsolt"]
[Black "Tóth, József"]
[Board "7182"]
[TimeControl "10/50"]
[WhiteElo "2314"]
[BlackElo "2133"]
[WhiteCountry "HUN"]
[BlackCountry "HUN"]
[Result "1-0"]

1.d4 Nf6 2.c4 g6 3.Nc3 Bg7 4.Nf3 d6 5.e4 O-O 6.Be2 e5 7.O-O Nc6
8.d5 Ne7 9.b4 Nh5 10.g3 f5 11.Ng5 Nf6 12.f3 Re8 13.b5 a6 14.bxa6 bxa6
15.Kh1 h6 16.Ne6 Bxe6 17.dxe6 Qc8 18.Nd5 fxe4 19.Nxf6+ Bxf6
20.fxe4 Bg7 21.Bg4 h5 22.Bh3 Nc6 23.Qd5 Ne7 24.Qd3 Nc6 25.Qd5 Ne7
26.Qd3 Nc6 27.Bg5 Nd4 28.Rf7 Qb7 29.Qe3 Rf8 30.Raf1 Rxf7 31.exf7+ Kf8
32.Bh6 Rb8 33.c5 a5 34.cxd6 cxd6 35.Qg5 1-0

[Event "II. Magyar E-mail Döntõ"]
[Site "E4EC"]
[Date "2005.01.07"]
[Round "1"]
[White "Szabó, Zsolt"]
[Black "Szabó, Zoltán"]
[Board "7183"]
[TimeControl "10/50"]
[WhiteElo "2314"]
[BlackElo "1834"]
[WhiteCountry "HUN"]
[BlackCountry "HUN"]
[Result "1-0"]

1.e4 c5 2.c3 Nf6 3.e5 Nd5 4.d4 d6 5.Nf3 cxd4 6.cxd4 Nc6 7.Bc4 Nb6
8.Bb5 dxe5 9.Nxe5 Bd7 10.Bxc6 Bxc6 11.Nxc6 bxc6 12.O-O Nd5 13.Qa4 Qd7
14.Nd2 e6 15.Nc4 Rc8 16.b3 Rc7 17.Ne5 Qd6 18.Bb2 Be7 19.Rac1 Nb6
20.Qa6 O-O 21.Qe2 Rfc8 22.Rfd1 Nd5 23.Rc4 Qd8 24.Re1 Bd6 25.Qh5 Qf6
26.Bc1 Qe7 27.Bb2 Qf6 28.Qg4 h6 29.Rec1 a6 30.Rxc6 Rxc6 31.Nxc6 h5
32.Qe4 Bf4 33.Rc4 Qh4 34.g3 Bxg3 35.Qxh4 Bxh4 36.Bc1 Ra8 37.Kf1 Kf8
38.Ne5 Be7 39.Kg2 g5 40.Nd3 1-0

[Event "II. Magyar E-mail Döntõ"]
[Site "E4EC"]
[Date "2004.12.28"]
[Round "1"]
[White "Szabó, Zsolt"]
[Black "Kresz, László"]
[Board "7184"]
[TimeControl "10/50"]
[WhiteElo "2314"]
[BlackElo "1800"]
[WhiteCountry "HUN"]
[BlackCountry "HUN"]
[Result "1-0"]

1.d4 Nf6 2.c4 e6 3.Nf3 b6 4.a3 Ba6 5.Qc2 Bb7 6.Nc3 c5 7.e4 cxd4
8.Nxd4 Nc6 9.Nxc6 Bxc6 10.Be2 Qc7 11.f4 Bc5 12.b4 Bd4 13.e5 Qd8
14.Bb2 Ng4 15.Bxg4 Qh4+ 16.g3 Qxg4 17.Rf1 O-O 18.b5 Bf3 19.Qd3 Bxc3+
20.Bxc3 Bg2 21.Rf2 Bh3 22.Rd1 Rac8 23.Bb4 Rfd8 24.Qe4 Qh5 25.Be7 d5
26.exd6 Rd7 27.f5 exf5 28.Qe3 Qg6 29.Rd4 Bg4 30.Rf1 Qe6 31.Kf2 Rc5
32.Re1 Qxe3+ 33.Rxe3 f6 34.a4 Bh5 35.Rc3 Re5 36.Re3 Rc5 37.a5 bxa5
38.Rc3 Be8 39.h3 h6 40.Rd1 Bf7 41.Rdc1 a4 42.R1c2 Kh7 43.Rc1 Kg8
44.h4 Kh8 45.Ke1 Re5+ 46.Kf2 Rc5 47.Ke3 Re5+ 48.Kf3 Rc5 49.Ke2 Re5+
50.Re3 Rc5 51.Kd3 f4 52.gxf4 Rb7 53.Kd4 Rh5 54.Bd8 Rxh4 55.Bc7 Rxf4+
56.Kc5 Rh4 57.Re7 Bg8 58.Re8 Kh7 59.Rxg8 Kxg8 60.Kc6 Rxb5 61.cxb5 Rd4
62.d7 Rxd7 63.Kxd7 Kf7 64.Bb8 g5 65.Bxa7 h5 66.b6 a3 67.b7 a2
68.Bc5 a1=Q 69.Rxa1 Kg7 70.Ke6 h4 71.b8=N 1-0

[Event "II. Magyar E-mail Döntõ"]
[Site "E4EC"]
[Date "2004.12.26"]
[Round "1"]
[White "Szabó, Zsolt"]
[Black "Biró, István"]
[Board "7185"]
[TimeControl "10/50"]
[WhiteElo "2314"]
[BlackElo "1896"]
[WhiteCountry "HUN"]
[BlackCountry "HUN"]
[Result "1/2-1/2"]

1.d4 Nf6 2.Nf3 e6 3.c4 b6 4.a3 Ba6 5.Qc2 Bb7 6.Nc3 c5 7.e4 cxd4
8.Nxd4 Bc5 9.Nb3 Nc6 10.Nxc5 bxc5 11.Bd3 d6 12.O-O O-O 13.Qd1 Ne5
14.b3 a6 15.Bc2 Qe7 16.f4 Nc6 17.Be3 h5 18.Qd3 Ng4 19.e5 f5
20.exf6 gxf6 21.f5 Qg7 22.Rae1 Nd4 23.Bxd4 cxd4 24.Ne4 Ne3
25.Rxe3 dxe3 26.Qxe3 Rfe8 27.Qd4 e5 28.Qxd6 Rf8 29.Qb6 Rab8
30.Qe3 Rbd8 31.c5 Rd4 32.Rf2 Rc8 33.b4 Bxe4 34.Bxe4 a5 35.Rb2 axb4
36.axb4 Rb8 37.b5 Qe7 38.h3 Qxc5 39.Kh2 Qc7 40.Qf3 Qc1 41.Bd5+ Kg7
42.Qxh5 Qf4+ 43.g3 Qg5 44.Qf7+ Kh6 45.b6 Rd3 46.Rg2 Rxb6 47.Qe8 Qxf5
48.Qh8+ 1/2-1/2

[Event "II. Magyar E-mail Döntõ"]
[Site "E4EC"]
[Date "2004.12.27"]
[Round "1"]
[White "Biró, István"]
[Black "Darvasi, Ferenc"]
[Board "7186"]
[TimeControl "10/50"]
[WhiteElo "1896"]
[BlackElo "2315"]
[WhiteCountry "HUN"]
[BlackCountry "HUN"]
[Result "1/2-1/2"]

1.d4 Nf6 2.c4 g6 3.Nc3 Bg7 4.e4 d6 5.Nf3 O-O 6.Be2 e5 7.dxe5 dxe5
8.Qxd8 Rxd8 9.Bg5 Nbd7 10.Rd1 Rf8 11.Nd5 c6 12.Ne7+ Kh8 13.Be3 Nb6
14.Nxc8 Raxc8 15.Nd2 Na4 16.Rc1 b6 17.b4 Rfd8 18.g4 c5 19.b5 Ne8
20.h4 h6 21.Nb1 Nc7 22.Rh3 a6 23.bxa6 Ra8 24.Rd1 Nxa6 25.Rxd8+ Rxd8
26.Bxh6 Bxh6 27.Ra3 Nb4 28.Rxa4 Bc1 29.Ra7 Kg7 30.a4 Bb2 31.Kf1 Nc6
32.Rb7 Rb8 33.Rd7 Rd8 34.Rd5 Rb8 35.Nd2 Nd4 36.Nf3 Nxf3 37.Bxf3 Re8
38.Bd1 Bd4 39.Kg2 Kf8 40.h5 g5 41.h6 Kg8 42.Rd7 Re6 43.h7+ Kxh7
44.Rxf7+ Kg6 45.Rd7 Rf6 1/2-1/2